Map: Ephemeron LE

Players

Mez - Winner!

  • Race: Zerg Zerg
  • League: Master
  • Spawn Location: 5:00

Sorandom

  • Race: Zerg Zerg
  • League: Diamond
  • Spawn Location: 11:00

VOD

Have the link to the VOD?

Description

Time

  • Played on: Aug. 30, 2019, 2:04 a.m.
  • Length: 11:12
Show
View Real Time Build Order
Export as new Build Order

Mez Zerg - Winner!

Build Orders: Hatch First 

Get SALT Encoding   

  12  0:01  Drone  
  13  0:09  Drone  
  14  0:17  Overlord  
  14  0:35  Drone x3  
  17  0:48  Drone  
  18  0:58  Hatchery  
  18  1:01  Drone  
  18  1:04  Extractor  
  17  1:15  Spawning Pool  
  16  1:20  Drone  
  16  1:22  Drone  
  18  1:30  Drone  
  19  1:40  Drone  
  20  1:51  Overlord  
  20  2:12  Zergling x4  
  20  2:14  Queen x2  
  26  2:16  Drone  
  26  2:18  Metabolic Boost  
  27  2:27  Drone x2  
  29  2:36  Drone x2  
  31  2:42  Overlord  
  31  2:56  Drone x3  
  34  3:05  Drone  
  35  3:10  Drone  
  36  3:18  Hatchery  
  35  3:23  Overlord  
  35  3:26  Drone x7  
  42  3:35  Roach Warren  
  42  3:37  Evolution Chamber  
  40  3:43  Evolution Chamber  
  39  3:48  Drone  
  39  3:49  Drone x3  
  39  3:53  Extractor  
  42  3:56  Extractor  
  42  3:57  Extractor  
  40  4:10  Zerg Missile Weapons Level 1  
  40  4:25  Overlord x2  
  40  4:26  Overlord, Drone  
  40  4:27  Drone x4  
  45  4:39  Queen  
  45  4:42  Roach  
  45  4:43  Roach x6  
  63  4:45  Roach  
  62  4:58  Roach x5  
  72  5:20  Roach Warren  
  70  5:29  Drone x3  
  70  5:30  Overlord x4  
  73  5:51  Zerg Ground Armor Level 1  
  73  5:55  Lair  
  73  5:58  Drone  
  73  5:59  Drone x16  
  90  6:17  Roach  
  90  6:18  Roach x3  
  98  6:22  Extractor x2  
  96  6:32  Overlord x3  
  96  6:33  Overlord  
  96  6:39  Hatchery  
  95  6:52  Drone x4  
  95  6:53  Drone  
  100  7:03  Roach x12  
  100  7:06  Overlord  
  124  7:13  Glial Reconstitution  
  124  7:18  Burrow  
  126  7:22  Roach  
  126  7:23  Roach  
  128  7:34  Overlord x3  
  128  7:46  Ravager  
  128  7:50  Roach x3  
  135  7:55  Roach  
  135  7:56  Roach x8  
  135  7:58  Ravager x6  
  155  8:17  Roach x4  
  136  8:27  Roach x7  
  136  8:28  Roach x6  
  136  8:32  Zerg Ground Armor Level 2, Zerg Missile Weapons Level 2  
  142  8:47  Roach  
  142  8:48  Roach x5  
  152  8:51  Queen  
  154  9:06  Hatchery  
  153  9:12  Overlord x4  
  153  9:14  Overlord  
  153  9:15  Overlord  
  153  9:26  Extractor  
  153  9:27  Extractor  
  151  9:32  Queen  
  153  9:39  Roach x6  
  153  9:40  Roach x2  
  153  9:42  Roach x5  
  179  9:45  Overlord  
  179  9:50  Ravager x5  
  179  9:51  Ravager x5  
  189  10:16  Overseer  
  189  10:17  Overseer  
  189  10:18  Hatchery  
  189  10:20  Roach x6  
Show
View Real Time Build Order
Export as new Build Order

Sorandom Zerg 

Build Orders: Pool First 

Get SALT Encoding   

  12  0:01  Drone  
  13  0:12  Overlord  
  13  0:18  Drone  
  14  0:31  Drone x2  
  16  0:36  Drone  
  17  0:46  Spawning Pool  
  16  0:50  Drone  
  17  1:12  Hatchery  
  17  1:14  Drone  
  17  1:17  Drone  
  18  1:20  Extractor  
  18  1:22  Drone  
  18  1:29  Overlord  
  18  1:44  Drone, Roach Warren  
  18  1:51  Zergling x2  
  19  1:57  Queen  
  21  2:02  Drone  
  22  2:24  Roach x2  
  22  2:27  Roach  
  28  2:30  Queen  
  30  2:39  Roach  
  30  2:40  Drone  
  33  2:44  Roach  
  35  2:53  Overlord  
  35  3:04  Overlord  
  35  3:12  Lair  
  35  3:13  Drone  
  35  3:14  Drone x2  
  35  3:19  Drone  
  40  3:20  Drone  
  40  3:24  Drone  
  41  3:31  Roach  
  41  3:32  Roach  
  45  3:34  Extractor  
  44  3:41  Drone  
  44  3:42  Drone  
  44  3:44  Roach  
  44  3:45  Roach  
  50  3:51  Overlord  
  50  3:59  Roach  
  50  4:01  Overlord  
  52  4:12  Roach  
  52  4:13  Drone x2, Roach  
  52  4:14  Drone  
  59  4:21  Roach  
  61  4:36  Drone x4  
  65  4:44  Drone  
  65  4:45  Drone, Extractor  
  66  4:49  Drone, Hatchery  
  66  4:54  Glial Reconstitution  
  66  4:56  Drone  
  67  5:04  Drone  
  68  5:07  Overlord x2  
  66  5:22  Roach  
  66  5:23  Overlord x2  
  68  5:31  Roach  
  68  5:32  Roach x3  
  76  5:38  Roach  
  78  5:43  Ravager x2  
  78  5:46  Drone  
  78  5:47  Drone  
  82  5:54  Roach  
  82  5:55  Drone  
  82  5:56  Drone x3  
  88  6:07  Roach x3  
  94  6:14  Drone x4  
  94  6:18  Roach  
  100  6:21  Roach  
  100  6:24  Queen  
  104  6:30  Roach  
  104  6:32  Overlord x3  
  106  6:36  Overlord, Extractor  
  105  6:49  Overlord  
  105  6:52  Roach x6  
  117  6:54  Evolution Chamber  
  117  6:56  Evolution Chamber  
  115  7:03  Roach x5  
  115  7:07  Ravager x3  
  128  7:10  Roach  
  130  7:16  Roach x2  
  134  7:35  Roach  
  134  7:36  Roach x5  
  146  7:47  Zerg Missile Weapons Level 1  
  146  7:51  Overlord x3  
  146  7:52  Overlord x4  
  141  8:23  Roach  
  141  8:24  Roach x7  
  133  8:33  Roach x7  
  107  8:48  Roach  
  107  8:49  Roach x4  
  107  8:53  Overlord  
  107  8:55  Extractor  
  116  8:57  Roach, Extractor  
  116  8:58  Roach x2  
  121  9:05  Drone x2  
  123  9:17  Roach x2  
  123  9:18  Drone x2  
  129  9:34  Drone x3  
  129  9:36  Drone x3  
  129  9:38  Roach x5  
  145  9:46  Roach  
  145  9:52  Roach x3  
  157  9:53  Roach x2  
  157  10:09  Roach x6  
  169  10:18  Overseer  
  169  10:27  Drone x2  
  169  10:28  Drone  
  172  10:35  Roach x3  
  178  10:46  Hatchery  
Tags
 
Add a new tag
Caveats
  • Supply blocks, unpowered buildings, or Contaminate may cause inaccurate times.
  • Supply counts are checked every 10 seconds.